 Dungeon Crawl Stone Soup version 0.25.1-11-g244df3a29b (webtiles) character file.

Game seed: 12612953219503858711

1849 DeepDeath the Covert (level 9, -6/54 HPs)
             Began as an Octopode Assassin on Dec 29, 2023.
             Was a Priest of Okawaru.
             Mangled by Duvessa
             ... wielding a +0 rapier of electrocution
              (17 damage)
             ... on level 4 of the Dungeon.
             The game lasted 00:23:32 (7218 turns).

DeepDeath the Covert (Octopode Assassin)            Turns: 7218, Time: 00:23:32

Health: -6/54      AC:  3    Str: 13    XL:     9   Next: 12%
Magic:  11/11      EV: 13    Int: 13    God:    Okawaru [***...]
Gold:   67         SH:  0    Dex: 14    Spells: 8/8 levels left

rFire    . . .     SeeInvis .   a - +3 dagger
rCold    + . .     Gourm    .   (no shield)
rNeg     . . .     Faith    .   C - +2 hat
rPois    .         Spirit   .   y - amulet of regeneration
rElec    .         Reflect  .   u - ring of wizardry
rCorr    +         Harm     .   n - ring of resist corrosion
MR       .....                  D - ring of protection from cold
Stlth    ++++++....             (no ring)
HPRegen  0.58/turn              (no ring)
MPRegen  0.12/turn              (no ring)
                                (no ring)
                                (no ring)

@: no status effects
A: almost no armour, stealthy swim, amphibious, 8 rings, constrict 8, camouflage
1, gelatinous body 1
a: Heroism, Renounce Religion


You were on level 4 of the Dungeon.
You worshipped Okawaru.
Okawaru was most pleased with you.
You were not hungry.

You visited 2 branches of the dungeon, and saw 8 of its levels.
You also visited: Ossuary.

You collected 482 gold pieces.
You spent 415 gold pieces at shops.

Inventory:

Hand Weapons
 a - a +3 dagger (weapon)
 v - a +0 rapier
 w - a +1 vorpal scimitar
 x - a +1 dagger of draining
 B - a +0 dagger of venom
Missiles
 i - 118 stones
 k - 102 arrows
 l - 30 poisoned darts (quivered)
 o - 56 sling bullets
 z - 25 bolts
 Z - 2 curare-tipped darts
Armour
 C - a +2 hat (worn)
Magical Staves
 m - an uncursed staff of fire
Jewellery
 n - a ring of resist corrosion (right tentacle)
 u - a ring of wizardry (left tentacle)
 y - an amulet of regeneration (around mantle)
 D - a ring of protection from cold (on tentacle)
Wands
 e - a wand of iceblast (4)
 q - a wand of polymorph (11)
 s - a wand of clouds (6)
Scrolls
 d - 3 scrolls of teleportation
 g - a scroll of fog
 r - a scroll of remove curse
 A - a scroll of enchant weapon
Potions
 b - 2 potions of heal wounds
 c - 3 potions of curing
 h - a potion of magic
 j - 2 potions of brilliance
 p - a potion of lignification
 t - 2 potions of mutation
 F - a potion of cancellation
Comestibles
 f - 18 rations


   Skills:
 - Level 2.0 Fighting
 * Level 9.2 Short Blades
 - Level 2.0 Throwing
 - Level 1.0 Dodging
 + Level 10.6 Stealth
 - Level 3.0 Invocations
 - Level 1.0 Evocations


You had 8 spell levels left.
You didn't know any spells.
Your spell library was empty.

Dungeon Overview and Level Annotations

Branches:
Dungeon (7/15)             Temple (1/1) D:4         Ossuary (visited)

Altars:
Ashenzari
Cheibriados
Elyvilon
Fedhas
Gozag
Hepliaklqana
Kikubaaqudgha
Makhleb
Nemelex Xobeh
Okawaru
Qazlal
Ru
Sif Muna
Trog
Uskayaw
Vehumet
Xom
Yredelemnul
Zin
The Shining One

Shops:
D:5 [%!=*

Annotations:
D:4 Duvessa


Innate Abilities, Weirdness & Mutations

You cannot wear most types of armour.
You are very stealthy in the water. (Stealth+)
You are amphibious.
You can wear up to eight rings at the same time.
You can use your tentacles to constrict eight enemies at once.
Your skin changes colour to match your surroundings (Stealth+).
Your rubbery body absorbs attacks. (AC +1, EV +1)


Message History

Things that are here:
a +0 dagger; a +0 robe
Things that are here:
a +0 dagger; a +0 robe Duvessa goes berserk!
Duvessa hits you with a +0 rapier of electrocution!
Unknown command.
Duvessa misses you.
Okay, then.
Unknown command.
Okay, then.
Unknown command.
Duvessa hits you with a +0 rapier of electrocution!
You are electrocuted!
You feel much better.
Duvessa hits you with a +0 rapier of electrocution!
You are electrocuted!!
* * * LOW HITPOINT WARNING * * *
Duvessa hits you with a +0 rapier of electrocution!
You die...

#....<....# # #.#######.#
# #.# ##.## # #.#
#...############# #.#
#................ #.#
##...#.########### #.#
#.....#...........
#.#####.####.#######....
#.....e@)....#######.###
#####..#########.........#
# ##..........#
########### #
#.......###.# #
###..###..###.## # ##.#..#
#..##...## #
#.....###(.#.#.#.## #
##.##.#.(.........# #
##.##.#..#.#.#.#..# #


You could see Duvessa (berserk).

Vanquished Creatures
  Maggie (D:6)
  A water moccasin (D:7)
  2 ice beasts (D:7)
  2 ogres (D:5)
  A centaur (D:5)
  2 elf zombies (Ossuary)
  A bullfrog (D:6)
  A scorpion (D:5)
  Dowan (D:4)
  A howler monkey (D:4)
  A crimson imp (D:4)
  2 hounds
  A human zombie (Ossuary)
  2 orc priests (D:3)
  4 orc wizards
  An iguana (D:5)
  2 worker ants
  A killer bee zombie (D:7)
  2 big kobold zombies (Ossuary)
  2 hound zombies
  2 hound skeletons
  3 mummies
  3 gnolls (D:4)
  4 adders
  A shadow imp (D:5)
  2 adder zombies
  4 worms
  A dart slug (D:1)
  2 leopard geckos (D:2)
  20 orcs
  4 bats
  8 giant cockroaches
  2 gnoll zombies (Ossuary)
  5 goblins
  8 hobgoblins
  3 jackals (D:7)
  8 kobolds
  A quokka (D:3)
  2 ball pythons (D:2)
  A frilled lizard (D:2)
  4 goblin zombies
  2 hobgoblin zombies (Ossuary)
  A jackal skeleton (D:7)
  3 orc zombies (Ossuary)
  7 rats
132 creatures vanquished.

Notes
Turn   | Place    | Note
-------+----------+-------------------------------------------
     0 | D:1      | DeepDeath the Octopode Assassin began the quest for the
                  | Orb.
     0 | D:1      | Reached XP level 1. HP: 14/14 MP: 1/1
   222 | D:1      | Reached XP level 2. HP: 13/19 MP: 2/2
   926 | D:2      | Reached XP level 3. HP: 7/24 MP: 3/3
  1295 | D:2      | Reached skill level 6 in Stealth
  1697 | D:3      | Reached XP level 4. HP: 29/29 MP: 4/4
  2558 | D:3      | Reached XP level 5. HP: 15/34 MP: 5/5
  2905 | D:4      | Found a staircase to the Ecumenical Temple.
  2913 | D:4      | Reached skill level 7 in Stealth
  2918 | Temple   | Entered the Ecumenical Temple
  3008 | Temple   | Became a worshipper of Warmaster Okawaru
  3033 | D:4      | Reached skill level 5 in Short Blades
  3050 | D:4      | Reached XP level 6. HP: 36/39 MP: 6/6
  3090 | D:4      | Noticed Duvessa
  3093 | D:4      | Noticed Dowan
  3623 | D:5      | Entered Level 5 of the Dungeon
  3726 | D:5      | Reached skill level 8 in Stealth
  3726 | D:5      | Reached XP level 7. HP: 45/45 MP: 7/7
  3739 | D:5      | Found Ryfin's Assorted Antiques.
  3756 | D:5      | Found Veasuki's Jewellery Shop.
  3812 | D:5      | Found Cukh's Food Boutique.
  3816 | D:5      | Found a sand-covered staircase.
  3876 | D:5      | Bought an encrusted golden ring for 135 gold pieces
  3911 | Ossuary  | Entered an ossuary
  4149 | Ossuary  | Reached * piety under Okawaru
  4149 | Ossuary  | Reached skill level 1 in Invocations
  4652 | D:5      | Bought an uncursed ring of resist corrosion for 280 gold
                  | pieces
  4776 | D:5      | Reached XP level 8. HP: 50/50 MP: 9/9
  4810 | D:5      | Found Miene's Distillery.
  4823 | D:5      | Found a radiant altar of Vehumet.
  4966 | D:5      | Reached skill level 9 in Stealth
  5011 | D:5      | Found Qoohylie's Antique Armour Shop.
  5397 | D:6      | Noticed Maggie
  5413 | D:6      | Killed Maggie
  5413 | D:6      | Reached ** piety under Okawaru
  5733 | D:6      | Reached skill level 10 in Stealth
  6283 | D:7      | Reached skill level 1 in Evocations
  6419 | D:7      | Reached XP level 9. HP: 34/54 MP: 11/11
  6529 | D:7      | Reached *** piety under Okawaru
  7018 | D:4      | Found a white marble altar of Elyvilon.
  7019 | D:4      | Found an ancient bone altar of Kikubaaqudgha.
  7020 | D:4      | Found a stormy altar of Qazlal.
  7169 | D:4      | Killed Dowan
  7218 | D:4      | Mangled by Duvessa

Illustrated notes

Levels and vault maps discovered:
D:1:      dpeg_arrival_refuge, layout_loops_corners
D:2:      layout_basic, corexii_shack
D:3:      layout_basic
D:4:      layout_loops_ring, chequers_temple_overflow_statue_of_worship,
          minmay_temple_entry_butterflies, first_ration, uniq_duvessa
D:5:      layout_loops_ring, kennysheep_mini, serial_shops, shop,
          nicolae_shop_overgrown_old_shop, nicolae_shop_statue_plus,
          nicolae_shop_overgrown_old_shop, shop, nicolae_ossuary_entry_giza
D:6:      layout_loops_ring, chequers_serial_rivers_small_b,
          palyth_stone_intersect, uniq_maggie
D:7:      layout_basic, hangedman_decor_riveting
Temple:   compressed_dpeg_circular_temple

Skill      XL: |  1  2  3  4  5  6  7  8  9 |
---------------+----------------------------+-----
Short Blades   | 3 4 5 6 7 8 9 |  9.2
Stealth        | 6 7 8 10 | 10.6
Invocations    | 2 3 |  3.0
Evocations     | 1 |  1.0
Fighting       | |  2.0
Throwing       | |  2.0
Dodging        | |  1.0

Action                   |  1- 3 |  4- 6 |  7- 9 || total
-------------------------+-------+-------+-------++-------
Melee: Dagger            |    81 |    84 |   171 ||   336
       Constrict         |    17 |    19 |    28 ||    64
       Tentacles         |    11 |    20 |    42 ||    73
       Punch             |       |       |     1 ||     1
Throw: Dart              |     2 |    30 |    20 ||    52
       Stone             |       |       |    60 ||    60
Invok: Heroism           |       |       |     1 ||     1
  Use: Scroll            |     5 |     6 |     6 ||    17
       Potion            |       |       |     2 ||     2
 Stab: Sleeping          |    16 |     8 |    18 ||    42
  Eat: Chunk             |     2 |     7 |     4 ||    13
       Ration            |       |       |     2 ||     2
Armor: Skin              |     2 |     6 |     1 ||     9
Dodge: Dodged            |    35 |    30 |    49 ||   114
